Cogmind - Beta 13 @@@ ROGUE MODE // 2024.07.07 @ 01:16:34 Player: Xintrosi Result: Destroyed by DAS Turret with DAS Cannon Performance ------------- Evolutions (1) 500 Regions Visited (4) 800 Robots Destroyed (33) 165 Value Destroyed (661) 661 Prototype IDs (6) 120 Alien Tech Used (0) 0 Bonus (-45) -45 TOTAL SCORE: 2201 Bonus ------- Friendly Fire -45 Cogmind --------- Core Integrity 0/400 Matter 200/300 Energy 119/125 System Corruption 8% Temperature Cool (2) Movement Walking (190) Ox1 Location -9/Exiles Parts ------- > --- POWER (1) -------- Light Ion Engine > --- PROPULSION (2) --- Advanced Myomer Leg Advanced Myomer Leg > --- UTILITY (3) ------ Huge Storage Unit Improved Salvage Targeting Computer Propulsion Shielding > --- WEAPON (3) ------- Particle Gun Particle Gun Particle Gun > --- INVENTORY (25) --- Carbon-fiber Leg Wheel Wheel Heat Sink High-capacity Matter Pod (0) Gravity Neutralizer Machine Analyzer Visual Processing Unit Visual Processing Unit Signal Interpreter Beamcaster Grenade Launcher Spear Peak State ------------ > --- POWER ------------ Light Ion Engine > --- PROPULSION ------- Advanced Myomer Leg Advanced Myomer Leg > --- UTILITY ---------- Huge Storage Unit Gravity Neutralizer Improved Salvage Targeting Computer > --- WEAPON ----------- Particle Gun Particle Gun Particle Gun > --- INVENTORY -------- Light Ion Engine Wheel Wheel Heat Sink High-capacity Matter Pod Machine Analyzer Visual Processing Unit Visual Processing Unit Signal Interpreter Propulsion Shielding Beamcaster Grenade Launcher Spear [Rating: 36] Favorites ----------- Power Light Ion Engine Engine Light Ion Engine Propulsion Compact Wheel Treads Light Treads Leg Advanced Myomer Leg Wheel Compact Wheel Flight Unit Improved Flight Unit Utility Huge Storage Unit Device Heat Sink Storage Huge Storage Unit Processor Targeting Computer Protection Light Armor Plating Weapon Assault Rifle Energy Gun Particle Gun Ballistic Gun Assault Rifle Launcher Grenade Launcher Build | -11 -10 -9 -9 -9 ------- Run | Yrd Mat Mat Min Exi Slots Evolved 2 | . . 2 . . Power . | . . . . . Propulsion . | . . . . . Utility 1 | . . 1 . . Weapon 1 | . . 1 . . Parts Attached 45 | 1 6 10 4 24 Power 4 | . . 1 . 3 Engine 4 | . . 1 . 3 Core . | . . . . . Reactor . | . . . . . Propulsion 14 | . 4 3 1 6 Treads 7 | . 2 2 1 2 Leg 2 | . . . . 2 Wheel 4 | . 2 . . 2 Hover . | . . . . . Flight 1 | . . 1 . . Utility 10 | . 1 3 . 6 Device 2 | . . . . 2 Storage 2 | . 1 . . 1 Processor 3 | . . 2 . 1 Hackware . | . . . . . Protection 3 | . . 1 . 2 Artifact . | . . . . . Weapon 17 | 1 1 3 3 9 Energy Gun 3 | . . . . 3 Energy Cannon . | . . . . . Ballistic Gun 12 | 1 1 3 2 5 Ballistic Cannon . | . . . . . Launcher 2 | . . . 1 1 Special Weapon . | . . . . . Impact Weapon . | . . . . . Slashing Weapon . | . . . . . Piercing Weapon . | . . . . . Special Melee Weapon . | . . . . . Unidentified Prototypes 3 | . . 1 . 2 Parts Lost 19 | . 1 2 . 16 Power 3 | . . 1 . 2 Propulsion 5 | . 1 . . 4 Utility 3 | . . . . 3 Weapon 8 | . . 1 . 7 Highest Loss Streak 9 | . 1 2 . 9 To Critical Strikes 8 | . . . . 8 Average Slot Usage (%) 97 | . 99 98 100 90 Engine 11 | . 14 9 11 8 Treads 10 | . 13 11 11 5 Leg 2 | . . . . 10 Wheel 10 | . 13 11 11 2 Storage 19 | . 27 20 11 11 Processor 5 | . . 10 11 7 Protection 4 | . . . 11 9 Energy Gun 4 | . . . . 22 Ballistic Gun 25 | . 28 33 32 9 Naked Turns . | . . . . . Heaviest Build 95 | 11 92 95 94 95 Greatest Support 60 | 20 20 16 16 60 Greatest Overweight (x) 5 | . 5 5 5 5 Average Overweight (x) 4 | . 4 5 5 1 Largest Inventory Capacity 25 | 8 25 25 25 25 Average Capacity 24 | 8 24 25 25 25 Most Carried 25 | 6 23 25 25 25 Average Carried 19 | 6 16 23 24 16 Final Capacity 25 | 8 25 25 25 25 Final Carried 25 | 6 23 23 25 13 Class Distribution -------------------- 44% | Mutant 40% | Gunner 11% | Scavenger-Tank Dominant Class ---------------- Mutant | -10/Materials Gunner | -9/Materials Gunner | -9/Mines Scavenger-Tank | -9/Exiles Resources | -11 -10 -9 -9 -9 ----------- Run | Yrd Mat Mat Min Exi Matter Collected 1102 | 200 417 192 113 180 Remotely . | . . . . . Salvage Created 1030 | . 556 257 95 122 Parts 79 | . 33 25 18 3 Haulers Intercepted 1 | . . 1 . . Recyclers Shooed 1 | . 1 . . . Parts Field Recycled . | . . . . . Retrieved Matter . | . . . . . Parts Self-Destructed . | . . . . . Prevented . | . . . . . Kills | -11 -10 -9 -9 -9 ------- Run | Yrd Mat Mat Min Exi Combat Hostiles Destroyed 25 | . 13 2 3 7 Guns 18 | . 13 2 . 3 AOE 7 | . . . 3 4 Classes Destroyed 10 | . 5 3 1 1 Worker 2 | . . 1 1 . Builder 3 | . . . 3 . Hauler 1 | . . 1 . . Mechanic 1 | . 1 . . . Operator 1 | . 1 . . . Watcher 6 | . 2 4 . . Swarmer 6 | . 3 . 3 . Grunt 10 | . 10 . . . Sentry 2 | . . 2 . . Assembled 6 | . . . . 6 Best Kill Streak 6 | . 5 2 4 6 Combat Bots Only 6 | . 4 1 3 6 Max Kills in Single Turn 4 | . 1 1 4 3 Gunslinging . | . . . . . Exploded 3 | . . . 3 3 Melee . | . . . . . Uniques/NPCs Destroyed 1 | . . . . 1 8R-AWN (-9/Exiles) Combat | -11 -10 -9 -9 -9 -------- Run | Yrd Mat Mat Min Exi Hostile Shots Fired 219 | . 53 12 2 152 Missed 50 | . 12 1 1 36 Damage Taken 2729 | . 489 159 46 2035 Core 514 | . 73 26 12 403 Absorbed by Shields . | . . . . . Core Remaining (%) 85 | 100 70 . . . Volleys Fired 120 | . 51 15 4 50 Largest 3 | . 2 3 3 3 Hottest 150 | . 40 63 66 150 Shots Fired 284 | . 102 45 10 127 Gun 281 | . 102 45 9 125 Cannon . | . . . . . Launcher 3 | . . . 1 2 Special . | . . . . . Kinetic 236 | . 102 45 9 80 Thermal 45 | . . . . 45 Explosive 3 | . . . 1 2 Electromagnetic . | . . . . . Robot Hit Streak 11 | . 8 11 3 8 Robot Miss Streak 4 | . 3 3 2 4 Penetration Max . | . . . . . Secondary Targets 3 | . 2 . . 1 Max Gunslinging Chain 1 | . 1 . . 1 Shots Hit Robots 179 | . 66 27 4 82 Core Hits 75 | . 32 12 8 23 Critical Kills . | . . . . . Critical Parts Destroyed 1 | . 1 . . . Critical Strikes 3 | . 1 . . 2 Burn 1 | . . . . 1 Destroy 2 | . 1 . . 1 Melee Attacks . | . . . . . Impact . | . . . . . Slashing . | . . . . . Piercing . | . . . . . Sneak Attacks . | . . . . . Combat Hostiles . | . . . . . Follow-up Attacks . | . . . . . Damage Inflicted 2865 | . 857 351 210 1447 Guns 2458 | . 857 351 53 1197 Cannons . | . . . . . Explosions 407 | . . . 157 250 Melee . | . . . . . Ramming . | . . . . . Kinetic 2032 | . 857 351 53 771 Thermal 426 | . . . . 426 Explosive 407 | . . . 157 250 Electromagnetic . | . . . . . Impact . | . . . . . Slashing . | . . . . . Piercing . | . . . . . Highest Corruption 8 | . . . . 8 Average Corruption 8 | . . . . 8 Corruption Purged . | . . . . . Corruption Blocked . | . . . . . Effects 17 | . . . . 17 Message Errors 4 | . . . . 4 Matter Fused 5 | . . . . 5 Heat Flow Errors 1 | . . . . 1 Energy Discharges 4 | . . . . 4 Data Loss (minor) 2 | . . . . 2 Alerts 1 | . . . . 1 Overload Shots . | . . . . . Overflow Damage 3 | . . . . 3 Projectiles . | . . . . . Explosions 3 | . . . . 3 Melee . | . . . . . Knockbacks . | . . . . . Impact . | . . . . . Kinetic . | . . . . . Secondary . | . . . . . Self-Inflicted Damage 41 | . . . 37 4 Shots 2 | . . . 1 1 Rammed . | . . . . . Targets Rammed . | . . . . . Kicked . | . . . . . Crushed . | . . . . . Highest Temperature 395 | . 20 6 12 395 Average Temperature 131 | . 5 2 6 159 Received Heat Transfer 434 | . 249 45 . 140 Effects 5 | . . . . 5 Interference 5 | . . . . 5 Siege Activations . | . . . . . Robots Corrupted . | . . . . . Combat Hostiles . | . . . . . Parts Fried . | . . . . . Impact Corruptions . | . . . . . Robots Melted . | . . . . . Combat Hostiles . | . . . . . Parts Melted . | . . . . . Heat Transferred 261 | . . . . 261 Parts Sabotaged . | . . . . . Parts Stolen . | . . . . . Parts Stripped . | . . . . . Power Chain Reactions . | . . . . . Alert | -11 -10 -9 -9 -9 ------- Run | Yrd Mat Mat Min Exi Peak Influence 195 | . 189 195 105 . Initial 77 | . . 77 8 . Average 97 | . 104 140 39 . Maximum Alert Level . | . . . . . Low Security (%) 100 | 100 100 100 100 . Level 1 . | . . . . . Level 2 . | . . . . . Level 3 . | . . . . . Level 4 . | . . . . . Level 5 . | . . . . . High Security . | . . . . . Max Security . | . . . . . Squads Dispatched 6 | . 4 . 2 . Investigation 3 | . 2 . 1 . Extermination . | . . . . . Reinforcement 3 | . 2 . 1 . Assault . | . . . . . Garrison . | . . . . . Intercept . | . . . . . Searches Triggered . | . . . . . Construction Impeded 1 | . . . 1 . Haulers Reinforced . | . . . . . Active Scanning Responses . | . . . . . Cargo Convoy Interrupts . | . . . . . Stealth | -11 -10 -9 -9 -9 --------- Run | Yrd Mat Mat Min Exi Distress Signals 1 | . 1 . . . Communications Jammed . | . . . . . Distress Signals . | . . . . . Times Spotted 42 | . 22 6 3 11 Peak Tracking Total 10 | . 3 2 3 10 Tactical Retreats 8 | . 2 . . 6 Traps | -11 -10 -9 -9 -9 ------- Run | Yrd Mat Mat Min Exi Traps Triggered 1 | . 1 . . . Indirectly . | . . . . . Trap Hack Attempts . | . . . . . Triggered . | . . . . . Disarmed . | . . . . . Reprogrammed . | . . . . . Reused . | . . . . . Traps Extracted . | . . . . . Installed . | . . . . . Triggered . | . . . . . Machines | -11 -10 -9 -9 -9 ---------- Run | Yrd Mat Mat Min Exi Machines Disabled 2 | . . . . 2 Max in Single Turn 2 | . . . . 2 Machines Repaired . | . . . . . Machines Dismantled . | . . . . . Machines Sabotaged . | . . . . . Overloaded Fab Kills . | . . . . . Hacking | -11 -10 -9 -9 -9 --------- Run | Yrd Mat Mat Min Exi Machines Accessed 10 | . 7 2 1 . Terminals 7 | . 5 2 . . Fabricators . | . . . . . Repair Stations . | . . . . . Recycling Units 2 | . 2 . . . Scanalyzers . | . . . . . Garrison Access . | . . . . . Total Hacks 21 | . 13 7 1 . Successful 11 | . 8 2 1 . Failed 9 | . 4 5 . . Catastrophic 2 | . 1 1 . . Database Lockouts 1 | . 1 . . . Manual 17 | . 9 7 . 1 Terminals 18 | . 11 7 . . Fabricators . | . . . . . Repair Stations . | . . . . . Recycling Units 2 | . 2 . . . Scanalyzers . | . . . . . Garrison Access . | . . . . . Terminal Hacks 7 | . 6 . 1 . Part Schematic 1 | . 1 . . . Prototype ID Bank 2 | . 2 . . . Open Door 1 | . . . 1 . Level Access Points 1 | . 1 . . . Hauler Manifests 1 | . 1 . . . Registered Components 1 | . 1 . . . Fabricator Hacks . | . . . . . Repair Station Hacks . | . . . . . Recycling Unit Hacks 2 | . 2 . . . Retrieve Components 2 | . 2 . . . Scanalyzer . | . . . . . Garrison Access Hacks . | . . . . . Unauthorized Hacks 2 | . . 2 . . Terminals 2 | . . 2 . . Botnet 2 | . . 2 . . Fabricators . | . . . . . Repair Stations . | . . . . . Recycling Units . | . . . . . Scanalyzers . | . . . . . Garrison Access . | . . . . . Data Cores Recovered . | . . . . . Used . | . . . . . Hacking Detections 7 | . 5 2 . . Full Trace Events 2 | . 2 . . . Feedback Events . | . . . . . Feedback Blocked . | . . . . . Robot Schematics Acquired . | . . . . . Robots Built . | . . . . . Authchips . | . . . . . Time . | . . . . . Total Robot Build Rating . | . . . . . Part Schematics Acquired 1 | . 1 . . . Parts Built . | . . . . . Authchips . | . . . . . Time . | . . . . . Total Part Build Rating . | . . . . . Parts Repaired . | . . . . . Time . | . . . . . Parts Recycled . | . . . . . Recycled Matter . | . . . . . Retrieved Matter . | . . . . . Retrieved Components 10 | . 10 . . . Parts Scanalyzed . | . . . . . Part Schematics Acquired . | . . . . . Parts Damaged . | . . . . . Bothacking | -11 -10 -9 -9 -9 ------------ Run | Yrd Mat Mat Min Exi Used RIF Installer . | . . . . . Robots Hacked . | . . . . . Non-combat . | . . . . . Combat . | . . . . . Robot Hacks Applied . | . . . . . Relay Couplers Released . | . . . . . Fabnet Peak Effective % . | . . . . . Robots Rewired . | . . . . . Allies Hacked . | . . . . . Hacks Repelled . | . . . . . Allies | -11 -10 -9 -9 -9 -------- Run | Yrd Mat Mat Min Exi Total Allies 1 | . . . 1 . Largest Group 1 | . . . 1 1 Highest-Rated Group 31 | . . . 31 31 Highest-Rated Ally 31 | . . . 31 31 Total Orders . | . . . . . Ally Attacks 2 | . . . . 2 Total Damage 4 | . . . . 4 Kills . | . . . . . Allies Corrupted . | . . . . . Allies Melted . | . . . . . Intel | -11 -10 -9 -9 -9 ------- Run | Yrd Mat Mat Min Exi Robot Analysis Total . | . . . . . Derelict Logs Recovered . | . . . . . Drone Launches . | . . . . . Drone Recoveries . | . . . . . Exploration | -11 -10 -9 -9 -9 ------------- Run | Yrd Mat Mat Min Exi Turns Passed 2434 | 2 1010 432 451 539 Spaces Moved 1090 | 1 468 204 243 174 Core . | . . . . . Treads . | . . . . . Legs 146 | 1 10 . . 135 Wheels 944 | . 458 204 243 39 Hover . | . . . . . Flight . | . . . . . Fastest Speed 100 | 120 100 175 175 140 Average Speed 175 | 120 173 175 175 185 Slowest Speed 190 | 120 175 175 175 190 Overloaded Moves . | . . . . . Propulsion Burnouts . | . . . . . Robots Hopped . | . . . . . Cave-ins Triggered . | . . . . . Exploration Rate (%) 38 | 2 86 20 43 42 Regions Visited 4 Branch Regions 2 Pre-discovered Areas . | . . . . . Known Exits Taken 2 | . 1 1 . . Unknown Exits Taken 2 | 1 . . 1 . Scrap Searched 1 | . . . 1 . Spaces Dug . | . . . . . Terrain Destroyed 21 | . . . 7 14 Melee . | . . . . . Projectile 2 | . . . . 2 AOE 19 | . . . 7 12 Terrain Rammed . | . . . . . Walls Destroyed . | . . . . . Machines Disabled . | . . . . . Actions | -11 -10 -9 -9 -9 --------- Run | Yrd Mat Mat Min Exi Total 1359 | 1 564 245 264 285 Wait 57 | . 22 4 . 31 Move 1086 | . 467 203 242 174 Hop . | . . . . . Pick Up 37 | . 17 8 7 5 Fast Attach 1 | . 1 . . . Attach 21 | . 1 4 . 16 Detach . | . . . . . Swap 23 | 1 4 6 4 8 Drop 14 | . 1 5 7 1 Fire 120 | . 51 15 4 50 Melee . | . . . . . Ram . | . . . . . Kick . | . . . . . Crush . | . . . . . Escape Stasis . | . . . . . Rewire . | . . . . . Trap . | . . . . . Miscellaneous . | . . . . . Route ------- -11/Scrapyard -10/Materials (discovered 4 exits: *Mat x3 / [*Min]) -9/Materials -9/Mines -9/Exiles History --------- Turn | Location | Event 3 | -11/Scrapyard | Discovered new exit (range 0) 3 | -11/Scrapyard | Entered Materials 105 | -10/Materials | Discovered new exit (range 16) 310 | -10/Materials | Build established: Mutant 587 | -10/Materials | Discovered new exit (range 10) 663 | -10/Materials | Identified exit to Materials 782 | -10/Materials | Central database locked down 1013 | -10/Materials | Entered another Materials area 1013 | -9/Materials | Evolved 2 slots: Utility x1, Weapon x1 1315 | -9/Materials | Build established: Gunner 1392 | -9/Materials | Discovered new exit (range 14) 1422 | -9/Materials | Identified exit to Mines 1445 | -9/Materials | Entered Mines 1485 | -9/Mines | Met a Derelict shopkeep closing up shop 1785 | -9/Mines | Received a Mining Laser from a helpful Derelict 1886 | -9/Mines | Deemed a non-threat by the Exiles lab entrance 1887 | -9/Mines | Discovered new exit (range 5) 1896 | -9/Mines | Entered Exiles 1896 | -9/Exiles | Accompanied by 1 ally 1938 | -9/Exiles | Met 8R-AWN 1954 | -9/Exiles | Attacked by the Exiles 2032 | -9/Exiles | Lost 9 parts (1p2n2u4w) 2043 | -9/Exiles | Core integrity fell below 50% 2112 | -9/Exiles | Lost 4 parts (1n3w) 2128 | -9/Exiles | Core integrity fell below 20% 2152 | -9/Exiles | Destroyed 8R-AWN 2435 | -9/Exiles | Destroyed by DAS Turret with DAS Cannon Last Messages --------------- 02180_ Acquired Beamcaster. 02181_ Identified Gravity Neutralizer. 02188_ EUN7TPMZW,FNU3|YCXYVGE%1YAUA4&SY6 02190_ Acquired Carbon-fiber Leg. 02191_ Acquired 68 matter. 02202_ Acquired 4 matter. 02208_ Acquired 16 matter. 02209_ System corrupted: Component data lost. 02274_ Lgt. Ion Engine destroyed. 02306_ System corrupted: Matter fused (-10). 02324_ System corrupted: Energy discharge (-45). 02352_ System corrupted: Matter fused (-5). 02365_ Connecting with EX-Vault Access... 02365_ Current location identified: Exiles >>\\1234 Not this time, boltface! 02367_ VKPASSYHJ6BL4&G4HA4F%U1LAZEY%HCSRW#W 02385_ KQQYZ2HR/M%TI22EFL 02430_ System corrupted: Matter fused (-8). Map ----- +----------------------------------------------------+ | ????????????????????#""""""?# #??????????????? | | ?????????????????????#"###??# #?????"????????? | | ????????????????????????????# #??""""""??????? | | ????????????????????????????# #??""""""??????? | | ???????????????????????????## ###"" """"?????? | | ???????????????????????????#" """"?????? | | ???????????????????????????#" """?????? | | ???????????????????????????#" """?????? | | ???????????????????????????#" """?????? | | ???????????????????????????#" """?????? | | ???????????????????????????#" """?????? | | ???????????????????????????## """?????? | | ????????????????????????????# """?????? | | ????????????????????????????#" "X" """?????? | | ????????????????????????????#" """ #????? | | ????????????????????????????#" """""""""#????? | | ???????????????????????????##" #######?###????? | | ??????????????????????????##"" #??????????????? | | ?????????????????##??######"" #??????????????? | | ????????????#X???#"###""""""" ##?????????????? | | ???????????? """""" " "" ##???########## | | ??????????? "" """ " #####""""""""" | | ??????????? " " " """ """ | | ?????????? % "" " | | ?????????? % " " | | ?????????? @ " | | ?????????? " | | ?????????? | | ?????????? """""" | | ??????????? ######""" | | ??????????? ""#?????#####""" | | ???????????? """#??????????##""" | | ???????????? """#????????????#"""" | | ???????????? ""?????????????#"" | | ????????????? ?????????????????"""" | | ????????????? ?????????????????? | | ?????????????? ?????????????????? | | ?????????????????????????????????? | | ????????????????????????????????? | | ?????????????????????????????????? " | | ??????????????????????????????????"" """ | | ???????????????????????????????????"" " " ""#" | | ????????????????????????????????????##""" """##""" | | ???????????????????????????????????????#""????#### | | ?????????????????????????????????????????????????? | | ?????????????????????????????????????????????????? | | ?????????????????????????????????????????????????? | | ?????????????????????????????????????????????????? | | ?????????????????????????????????????????????????? | | ?????????????????????????????????????????????????? | +----------------------------------------------------+ Best States ------------- Heat Dissipation 38 Energy Generation 10 Energy Capacity 250 Matter Stores 300 Matter Capacity 500 Sight Range 16 Terrain Scan Density 10 Armor Coverage 150 Propulsion Shielding 33 Evasion (%) 45 Targeting Accuracy 5 Recoil Reduction 2 Salvage Targeting 2 Item Schematics ----------------- Huge Storage Unit | -10/Materials | Hacked Robot Schematics ------------------ None Fabricated ------------ Nothing Alien Tech Used ----------------- None Achievements -------------- None Challenges ------------ None Game ------ Seed DisposableHeatNullifier Manual? 0 Play Time 00:32:03 Cumulative 57.2 hours Start 2024.07.06 @ 11:46:54 End 2024.07.07 @ 01:16:34 Sessions 3 Manual Loads 0 Difficulty Rogue Special Mode None Game No. 25 Rogue 25 Adventurer 0 Explorer 0 Win Type - Total 0 Types 0/0/0/0/0/0/0/0/0 Lore% 27 Gallery% 38 Achievement% 34 Wizard Run 0 Options --------- Layout 2 ASCII 0 Keyboard 1 Movement Numpad Keybinds 0 Fullscreen 2 Font 24/Smallcaps Map View 50x44 Zoom Use 0% Tactical HUD 1 Map Filters NONE Filters NONE Steam 1 RUN: 7d1de480-cedd-4029-bb8d-f682f57ff3ea